[Event "Team 45 45 League T49"]
[Site "Internet Chess Club"]
[Date "2011.06.18"]
[Round "6"]
[White "tsia68"]
[Black "primerpaso"]
[Result "0-1"]
[WhiteElo "1885"]
[BlackElo "1882"]
[Opening "English, 1...Nf6 (Anglo-Indian defense)"]
[ECO "A15"]
[Time "15:27:43"]
[TimeControl "2700+45"]

1. c4 Nf6 2. g3 d5 3. cxd5 Nxd5 4. Nc3 e6 5. Bg2 Be7 6. Nf3 O-O 7. O-O c5 8. d4
Nxc3 9. bxc3 Nc6 10. e3 Rb8 11. Qd3 Qc7 12. Rd1 Rd8 13. a4 Na5 14. Ba3 b6 15.
Ne5 f6 16. Nc4 Ba6 {White resigns} 0-1

[Event "Team 45 45 League T49"]
[Site "Internet Chess Club"]
[Date "2011.06.19"]
[Round "6"]
[White "jjmolina"]
[Black "gerailen0075"]
[Result "1-0"]
[WhiteElo "1779"]
[BlackElo "1938"]
[Opening "Sicilian: Taimanov variation"]
[ECO "B49"]
[Time "16:08:24"]
[TimeControl "2700+45"]

1. e4 c5 2. Nf3 e6 3. d4 cxd4 4. Nxd4 Nc6 5. Nc3 Qc7 6. Be3 a6 7. Be2 Nf6 8. O-O
Bb4 9. Na4 Be7 10. Nxc6 bxc6 11. Nb6 Rb8 12. Nxc8 Qxc8 13. Bd4 O-O 14. e5 Nd5
15. c4 Nf4 16. g3 c5 17. gxf4 cxd4 18. Qxd4 Bc5 19. Qd2 Qb7 20. b3 Rfd8 21. Rad1
d5 22. Bf3 Qb6 23. cxd5 exd5 24. Bxd5 Bb4 25. Qc2 Rbc8 26. Bc4 Qh6 27. Qf5
{Black resigns} 1-0

[Event "Team 45 45 League T49"]
[Site "Internet Chess Club"]
[Date "2011.06.20"]
[Round "6"]
[White "Duguesclin"]
[Black "frank001"]
[Result "0-1"]
[WhiteElo "1649"]
[BlackElo "1658"]
[Opening "Queen's gambit declined"]
[ECO "D30"]
[Time "15:00:27"]
[TimeControl "2700+45"]

1. d4 d5 2. c4 e6 3. Nf3 f5 4. Nc3 c6 5. Bf4 Nf6 6. c5 Be7 7. h3 O-O 8. e3 Bd7
9. Be2 Be8 10. Ne5 Nbd7 11. O-O Nxe5 12. Bxe5 Ne4 13. Qc2 b6 14. b4 Bf6 15. Bh2
g5 16. f3 Nxc3 17. Qxc3 Rc8 18. Ba6 Rb8 19. Bxb8 Qxb8 20. Bd3 Bd7 21. f4 Kh8 22.
Rab1 Rg8 23. fxg5 Rxg5 24. Kh1 Qg3 25. Rb2 Qxe3 26. Rf3 Qxd4 27. Qxd4 Bxd4 28.
Rc2 e5 29. Be2 Rg7 30. a4 e4 31. Ra3 bxc5 32. bxc5 Be5 33. Rb3 Be6 34. Kg1 d4
35. Bc4 d3 36. Rcc3 Bxc3 37. Rb8+ Bg8 38. Kf2 Bd4+ 39. Ke1 Bxc5 40. Rc8 Rxg2 41.
Bxg8 Rxg8 42. Rxc6 Bb4+ {White resigns} 0-1

[Event "Team 45 45 League T49"]
[Site "Internet Chess Club"]
[Date "2011.06.18"]
[Round "6"]
[White "isolani"]
[Black "Konstantinos"]
[Result "1/2-1/2"]
[WhiteElo "1520"]
[BlackElo "1753"]
[Opening "QGD semi-Slav: Bogolyubov variation"]
[ECO "D45"]
[Time "16:17:51"]
[TimeControl "2700+45"]

1. d4 d5 2. Nf3 Nf6 3. c4 c6 4. Nc3 e6 5. e3 Be7 6. Bd3 Nbd7 7. O-O b6 8. cxd5
cxd5 9. Bd2 Bb7 10. Rc1 Rc8 11. Qe2 O-O 12. Rfe1 Re8 13. h3 h6 14. a3 Nh7 15.
Nb5 a6 16. Rxc8 Qxc8 17. Rc1 Qb8 18. Nc3 b5 19. e4 dxe4 20. Bxe4 Nhf6 21. Bxb7
Qxb7 22. Ne5 Rc8 23. Bf4 Nd5 24. Qf3 Nxe5 25. dxe5 Qb8 26. Nxd5 Rxc1+ 27. Bxc1
exd5 28. Qxd5 Qd8 29. Qxd8+ Bxd8 30. Kf1 Kf8 31. Ke2 Ke7 32. Kd3 Ke6 33. Ke4 h5
34. g4 hxg4 35. hxg4 g6 36. f4 Bc7 37. f5+ gxf5+ 38. gxf5+ Ke7 39. Bg5+ Kd7 40.
Kd5 Bb6 41. b3 Ba7 42. a4 bxa4 43. bxa4 Bb6 44. e6+ fxe6+ 45. fxe6+ Ke8 46. Kc6
Bd4 47. Kb7 a5 48. Ka6 Bc3 49. Bh4 Bb4 50. Bf2 Ke7 51. Bb6 Kxe6 52. Bxa5 Bc5 53.
Kb7 Kd7 54. Bc3 Bf2 55. a5 Kd6 56. a6 Kc5 57. Ba5 Kb5 58. Be1 Be3 {Game drawn by
mutual agreement} 1/2-1/2

[Event "Team 45 45 League T49"]
[Site "Internet Chess Club"]
[Date "2011.06.20"]
[Round "6"]
[White "Lzmann"]
[Black "CaoCao"]
[Result "1-0"]
[WhiteElo "1884"]
[BlackElo "1876"]
[Opening "Benoni: pawn storm variation"]
[ECO "A66"]
[Time "19:08:35"]
[TimeControl "2700+45"]

1. d4 Nf6 2. c4 c5 3. d5 e6 4. Nc3 exd5 5. cxd5 d6 6. e4 g6 7. f4 Bg7 8. Bd3 O-O
9. Nge2 Bg4 10. O-O a6 11. a4 Nbd7 12. h3 Bxe2 13. Qxe2 Re8 14. Kh2 Rc8 15. Qf3
c4 16. Bc2 Nc5 17. f5 Nfd7 18. a5 Ne5 19. Qg3 Bf6 20. fxg6 fxg6 21. Bh6 Rc7 22.
Kh1 Rf7 23. Bf4 Ref8 24. Qe3 Bg7 25. Kg1 Ned3 26. Bg3 Rxf1+ 27. Rxf1 Rxf1+ 28.
Kxf1 Qxa5 29. Bxd6 Qa1+ 30. Nd1 b6 31. Qg5 Nb7 32. Ba3 Bxb2 33. Bxb2 Nxb2 34.
Qf6 Nxd1 35. Qxa1 Ne3+ 36. Kg1 Nxc2 37. Qxa6 Nc5 38. Qxb6 Nd3 39. Qe6+ Kg7 40.
Qe7+ {Black resigns} 1-0

[Event "Team 45 45 League T49"]
[Site "Internet Chess Club"]
[Date "2011.06.20"]
[Round "6"]
[White "RamRock"]
[Black "pawn111"]
[Result "1/2-1/2"]
[WhiteElo "1707"]
[BlackElo "1863"]
[Opening "Sicilian"]
[ECO "B50"]
[Time "21:14:06"]
[TimeControl "2700+45"]

1. e4 c5 2. Nf3 d6 3. Bc4 e6 4. Nc3 Nc6 5. O-O Nf6 6. d4 cxd4 7. Nxd4 Be7 8. Kh1
O-O 9. f4 Qb6 10. Nf3 Rd8 11. Qe2 d5 12. exd5 exd5 13. Bb3 Bg4 14. Qb5 Bc5 15.
Qxb6 Bxb6 16. Na4 Bc7 17. Nc5 Bb6 18. Na4 Bc7 {Game drawn by mutual agreement}
1/2-1/2

[Event "Team 45 45 League T49"]
[Site "Internet Chess Club"]
[Date "2011.06.16"]
[Round "6"]
[White "BuddyT"]
[Black "Portola"]
[Result "1/2-1/2"]
[WhiteElo "1755"]
[BlackElo "1798"]
[Opening "QGD: exchange, positional line"]
[ECO "D35"]
[Time "21:00:51"]
[TimeControl "2700+45"]

1. d4 d5 2. c4 e6 3. Nc3 Nf6 4. cxd5 exd5 5. Bg5 Be7 6. e3 Nbd7 7. Bd3 O-O 8.
Qc2 c5 9. Bxf6 Nxf6 10. dxc5 Bxc5 11. Nge2 Be6 12. O-O Rc8 13. Qa4 a6 14. Qh4 h6
15. Rac1 b5 16. Nd4 Qd7 17. Nce2 Bxd4 18. Qxd4 Rxc1 19. Rxc1 Rc8 20. Rxc8+ Qxc8
21. h3 Ne4 22. b4 Nf6 23. Qb6 Bf5 24. Qd4 Bxd3 25. Qxd3 Qc4 26. Qd2 Ne4 27. Qb2
Qd3 28. Nf4 Qd1+ 29. Kh2 Nd2 30. h4 Nf1+ 31. Kh3 f5 32. Qe2 Qxe2 33. Nxe2 Kf7
34. Nf4 g5 35. hxg5 hxg5 36. Nxd5 Kg6 37. g3 Nd2 38. Nc7 Ne4 39. Nxa6 Nxf2+ 40.
Kg2 Nd1 41. Kf3 Nc3 42. a3 g4+ 43. Kf2 Ne4+ 44. Kg2 Nc3 45. Nc7 Kf6 46. Kf2 Ke5
47. Ne8 Ne4+ 48. Kg2 Nc3 49. Kf2 Ne4+ 50. Kg2 Nc3 51. Kf2 {Game drawn by
repetition} 1/2-1/2

[Event "Team 45 45 League T49"]
[Site "Internet Chess Club"]
[Date "2011.06.20"]
[Round "6"]
[White "RD1974"]
[Black "Innes"]
[Result "0-1"]
[WhiteElo "1630"]
[BlackElo "1639"]
[Opening "Réti opening"]
[ECO "A04"]
[Time "15:12:49"]
[TimeControl "2700+45"]

1. Nf3 d6 2. g3 e5 3. e4 f5 4. d3 Nf6 5. Nbd2 fxe4 6. dxe4 Be7 7. Bg2 O-O 8. h3
b6 9. O-O Nc6 10. Re1 Rb8 11. Qe2 Kh8 12. c3 Qe8 13. Nf1 Nh5 14. Ne3 Qf7 15. Kh2
Bxh3 16. Kxh3 Nf4+ 17. gxf4 Qh5+ 18. Kg3 exf4# {White checkmated} 0-1

[Event "Team 45 45 League T49"]
[Site "Internet Chess Club"]
[Date "2011.06.19"]
[Round "6"]
[White "Terte"]
[Black "subterfuge"]
[Result "0-1"]
[WhiteElo "1916"]
[BlackElo "1740"]
[Opening "Caro-Kann: advance variation"]
[ECO "B12"]
[Time "10:15:33"]
[TimeControl "2700+45"]

1. e4 c6 2. d4 d5 3. e5 Bf5 4. h4 h5 5. Bg5 Qb6 6. Bd3 Bxd3 7. Qxd3 e6 8. Nd2
Nd7 9. c4 Ne7 10. Bxe7 Bxe7 11. Ne2 O-O-O 12. c5 Qc7 13. f4 f6 14. b4 Rdf8 15.
Qh3 Rh6 16. O-O Qd8 17. exf6 Nxf6 18. Qxe6+ Kb8 19. Qh3 Ng4 20. a4 Re6 21. Rae1
Bxh4 22. g3 Be7 23. Nc3 Rh6 24. Nf3 Bf6 25. Ne5 Rfh8 26. b5 Qc8 27. bxc6 bxc6
28. Qg2 h4 29. Rb1+ Ka8 30. Nxd5 hxg3 31. Nxf6 Nxe5 32. Qxg3 Rh3 33. Qxg7 Rh1+
34. Kf2 Nd3+ 35. Ke3 R8h3+ 36. Kd2 R1h2+ 37. Kc3 a5 {White forfeits on time} 0-1

[Event "Team 45 45 League T49"]
[Site "Internet Chess Club"]
[Date "2011.06.17"]
[Round "6"]
[White "rayonline53"]
[Black "mugurelt"]
[Result "1/2-1/2"]
[WhiteElo "1522"]
[BlackElo "1613"]
[Opening "Queen's pawn: Yusupov-Rubinstein system"]
[ECO "A46"]
[Time "16:06:37"]
[TimeControl "2700+45"]

1. d4 Nf6 2. Nf3 e6 3. e3 c5 4. c3 Be7 5. Bd3 O-O 6. O-O d5 7. Re1 c4 8. Bc2 Nc6
9. Nbd2 b5 10. e4 dxe4 11. Nxe4 Bb7 12. Bg5 Nxe4 13. Bxe7 Nxe7 14. Bxe4 Bxe4 15.
Rxe4 Ng6 16. Qc2 a5 {Game drawn by mutual agreement} 1/2-1/2

[Event "Team 45 45 League T49"]
[Site "Internet Chess Club"]
[Date "2011.06.19"]
[Round "6"]
[White "DanMcClintic"]
[Black "chrisgianno"]
[Result "0-1"]
[WhiteElo "1580"]
[BlackElo "1577"]
[Opening "KGA: bishop's gambit, Boden defense"]
[ECO "C33"]
[Time "13:19:57"]
[TimeControl "2700+45"]

1. e4 e5 2. f4 exf4 3. Bc4 Qh4+ 4. Kf1 Nc6 5. Nf3 Qh5 6. c3 Nf6 7. Qe2 Be7 8. d4
d6 9. Bxf4 Bg4 10. Nbd2 O-O-O 11. h3 d5 12. exd5 Nxd5 13. Bxd5 Rxd5 14. Rh2 Bd7
15. g4 Qg6 16. Qe4 Rb5 17. b3 Re8 18. Qxg6 hxg6 19. Ne5 Nxe5 20. Bxe5 f6 21. Bg3
Ba3 22. Re1 Rxe1+ 23. Kxe1 Bb2 24. c4 Ra5 25. Nf3 Rxa2 26. Re2 Bc3+ 27. Kf2 Ra3
28. Re7 Rxb3 29. Rxg7 Rb2+ 30. Ke3 Kd8 31. Rxg6 a5 32. Rxf6 a4 33. Bh4 Ke8 34.
Ne5 Bd2+ 35. Kd3 a3 36. Ng6 Ba4 37. Rf8+ Kd7 38. Rd8+ Kc6 39. Ne5+ Kb6 40. Nd7+
Bxd7 41. Rxd7 a2 42. Bg3 a1=Q 43. c5+ Kb5 44. Rxc7 Qb1+ {White resigns} 0-1

[Event "Team 45 45 League T49"]
[Site "Internet Chess Club"]
[Date "2011.06.21"]
[Round "6"]
[White "chiiwen"]
[Black "Zumbi"]
[Result "0-1"]
[WhiteElo "2190"]
[BlackElo "2217"]
[Opening "Alekhine's defense: exchange variation"]
[ECO "B03"]
[Time "15:00:48"]
[TimeControl "2700+45"]

1. e4 Nf6 2. e5 Nd5 3. d4 d6 4. c4 Nb6 5. exd6 exd6 6. Nc3 Nc6 7. Be3 Be7 8. h3
O-O 9. Nf3 Bf5 10. d5 Nb4 11. Nd4 Bg6 12. a3 Na6 13. b4 Bg5 14. f4 Bh4+ 15. Kd2
Re8 16. Qf3 h6 17. g3 Bf6 18. h4 c5 19. dxc6 Nc5 20. cxb7 Bxd4 21. bxa8=Q Bxe3+
22. Kd1 Nxa8 23. bxc5 Qf6 24. f5 {White resigns} 0-1

[Event "Team 45 45 League T49"]
[Site "Internet Chess Club"]
[Date "2011.06.17"]
[Round "6"]
[White "RosewoodTele"]
[Black "JFlamer"]
[Result "0-1"]
[WhiteElo "1832"]
[BlackElo "1793"]
[Opening "Queen's pawn game, Chigorin variation"]
[ECO "A40"]
[Time "23:00:06"]
[TimeControl "2700+45"]

1. d4 Nc6 2. Nf3 d5 3. e3 Nf6 4. c4 e6 5. Nc3 Be7 6. Bd3 h6 7. O-O O-O 8. a3 a5
9. Bd2 b6 10. Re1 Bb7 11. Qc2 Bd6 12. Nb5 Na7 13. Nxd6 cxd6 14. cxd5 Rc8 15. Qd1
Bxd5 16. Qe2 Bb7 17. Rac1 Re8 18. e4 e5 19. dxe5 dxe5 20. Bc3 Nc6 21. Bb5 Qc7
22. Rc2 Qb8 23. Rec1 Re7 24. Nh4 Nd4 25. Bxd4 exd4 26. f3 Rec7 27. Nf5 Rxc2 28.
Rxc2 Rxc2 29. Qxc2 Qd8 30. Qd3 Qc7 31. Qc4 Qf4 32. Qxd4 Qc1+ 33. Bf1 Ba6 34. Ne3
Nd7 35. Qc3 Qb1 36. g3 Nc5 37. Qc2 Qe1 38. Qf2 Qc1 39. Qc2 Qxe3+ 40. Kg2 Bxf1+
41. Kxf1 Qxf3+ 42. Kg1 Qe3+ 43. Kf1 Qd3+ {White resigns} 0-1

[Event "Team 45 45 League T49"]
[Site "Internet Chess Club"]
[Date "2011.06.19"]
[Round "6"]
[White "Goli"]
[Black "Atlantis"]
[Result "1/2-1/2"]
[WhiteElo "1781"]
[BlackElo "1780"]
[Opening "Sicilian: Alapin's variation (2.c3)"]
[ECO "B22"]
[Time "14:03:23"]
[TimeControl "2700+45"]

1. e4 c5 2. c3 d5 3. exd5 Qxd5 4. d4 e6 5. Nf3 Nf6 6. Be2 Be7 7. O-O O-O 8. h3
Nc6 9. Be3 cxd4 10. cxd4 a6 11. Nc3 Qd6 12. a3 b5 13. b4 Bb7 14. Rc1 Rac8 15.
Qd2 Nd5 16. Nxd5 Qxd5 17. Rfd1 Rfd8 18. Ne1 Bf6 19. Bf3 Qd6 20. d5 Ne5 21. Rxc8
Bxc8 22. dxe6 Nxf3+ 23. Nxf3 Qxd2 {Game drawn by mutual agreement} 1/2-1/2

[Event "Team 45 45 League T49"]
[Site "Internet Chess Club"]
[Date "2011.06.18"]
[Round "6"]
[White "egyptiantiger"]
[Black "chess9793"]
[Result "1/2-1/2"]
[WhiteElo "2095"]
[BlackElo "2118"]
[Opening "Grünfeld: Russian, Byrne (Simagin) variation"]
[ECO "D97"]
[Time "17:04:41"]
[TimeControl "2700+45"]

1. d4 Nf6 2. c4 g6 3. Nf3 Bg7 4. Nc3 d5 5. Qb3 dxc4 6. Qxc4 O-O 7. e4 Nc6 8. Be2
Nd7 9. Be3 Nb6 10. Qc5 f5 11. Rd1 fxe4 12. Nxe4 Be6 13. Nfg5 Bxa2 14. d5 Bxd5
15. Ne6 Qc8 16. Nxf8 Bxe4 17. f3 Bf5 18. g4 Bxf8 19. gxf5 Qxf5 20. Qxf5 gxf5 21.
f4 Kf7 22. Kf2 e5 23. Bxb6 cxb6 24. Rd7+ Kf6 25. fxe5+ Nxe5 26. Rxh7 Bc5+ 27.
Ke1 f4 28. Rxb7 f3 29. Rf1 f2+ 30. Rxf2+ Bxf2+ 31. Kxf2 {Game drawn by mutual
agreement} 1/2-1/2

[Event "Team 45 45 League T49"]
[Site "Internet Chess Club"]
[Date "2011.06.19"]
[Round "6"]
[White "musk6868"]
[Black "Memphischess"]
[Result "1-0"]
[WhiteElo "2031"]
[BlackElo "2044"]
[Opening "Bogo-Indian defense, Nimzovich variation"]
[ECO "E11"]
[Time "21:05:12"]
[TimeControl "2700+45"]

1. d4 Nf6 2. Nf3 e6 3. c4 Bb4+ 4. Bd2 Qe7 5. g3 Nc6 6. Bg2 Bxd2+ 7. Nbxd2 d6 8.
O-O e5 9. d5 Nb8 10. b4 a5 11. bxa5 Nbd7 12. Nb3 O-O 13. Qc2 Nc5 14. Nfd2 Nfd7
15. Ne4 Nxe4 16. Bxe4 g6 17. Bg2 f5 18. e4 f4 19. Qc3 g5 20. Rfd1 Nf6 21. c5 Ng4
22. h3 Nf6 23. g4 h5 24. f3 hxg4 25. hxg4 Kg7 26. Rac1 Bxg4 27. cxd6 cxd6 28.
fxg4 Nxg4 29. Qc7 Qxc7 30. Rxc7+ Kg6 31. Rdc1 f3 32. Bh3 f2+ 33. Kf1 Nh2+ 34.
Ke2 g4 35. Bg2 Rf4 36. Nd2 Raf8 37. Rxb7 Nf3 38. Bxf3 gxf3+ 39. Kxf2 Rg4 40. Rg1
Rxg1 41. Kxg1 Kg5 {Black resigns} 1-0

[Event "Team 45 45 League T49"]
[Site "Internet Chess Club"]
[Date "2011.06.18"]
[Round "6"]
[White "aww-rats"]
[Black "Zumbi"]
[Result "0-1"]
[WhiteElo "2088"]
[BlackElo "2201"]
[Opening "Alekhine's defense: modern, Larsen variation"]
[ECO "B04"]
[Time "12:00:48"]
[TimeControl "2700+45"]

1. e4 Nf6 2. e5 Nd5 3. d4 d6 4. Nf3 dxe5 5. Nxe5 c6 6. Be2 Bf5 7. O-O Nd7 8. Nf3
e6 9. c4 N5f6 10. Nc3 Bd6 11. d5 Qc7 12. dxc6 bxc6 13. h3 Rd8 14. Be3 Nc5 15.
Nd4 Bh2+ 16. Kh1 Be5 17. Nxf5 Rxd1 18. Nxg7+ Kf8 19. Rfxd1 Kxg7 20. Bxc5 Rd8 21.
Bf3 Rxd1+ 22. Rxd1 Bxc3 23. bxc3 Qa5 24. Be3 Qxa2 25. Rd6 a5 26. Rxc6 a4 27. Kh2
a3 28. Rc5 h6 29. g4 Qb2 30. g5 hxg5 31. Rxg5+ Kh7 32. Bd4 a2 33. Ra5 Kg6 34. c5
a1=Q 35. Rxa1 Qxa1 {White resigns} 0-1

[Event "Team 45 45 League T49"]
[Site "Internet Chess Club"]
[Date "2011.06.18"]
[Round "6"]
[White "Ptzz"]
[Black "filiusdextris"]
[Result "0-1"]
[WhiteElo "2127"]
[BlackElo "2108"]
[Opening "Modern defense"]
[ECO "A40"]
[Time "10:12:52"]
[TimeControl "2700+45"]

1. d4 g6 2. c4 Bg7 3. e4 Nc6 4. Nf3 e5 5. Bg5 Nge7 6. Be3 exd4 7. Nxd4 O-O 8.
Be2 f5 9. exf5 Nxf5 10. Nxf5 gxf5 11. Nc3 f4 12. Bc5 d6 13. Ba3 Nd4 14. O-O f3
15. gxf3 Bh3 16. Ne4 Qh4 17. Kh1 Bxf1 18. Qxf1 Rae8 19. Ng3 Rf6 20. Bd1 Rh6 21.
h3 Kh8 22. Bb4 Be5 23. Bc3 Rg8 24. Qg2 Bxg3 25. fxg3 Qxh3+ 26. Qxh3 Rxh3+ 27.
Kg2 Rhxg3+ 28. Kf2 c5 29. Bc2 Rxf3+ {White resigns} 0-1

[Event "Team 45 45 League T49"]
[Site "Internet Chess Club"]
[Date "2011.06.19"]
[Round "6"]
[White "Paulkov"]
[Black "Oblio"]
[Result "0-1"]
[WhiteElo "2287"]
[BlackElo "2440"]
[Opening "Sicilian: Scheveningen (Paulsen), classical variation"]
[ECO "B84"]
[Time "13:00:08"]
[TimeControl "2700+45"]

1. e4 c5 2. Nf3 d6 3. d4 cxd4 4. Nxd4 Nf6 5. Nc3 a6 6. Be2 e6 7. O-O Be7 8. Be3
Qc7 9. a4 Nc6 10. f4 O-O 11. Kh1 Re8 12. Nb3 b6 13. Bf3 Rb8 14. Qe2 Na5 15. Nd2
Bf8 16. Rad1 Nd7 17. Qf2 g6 18. f5 Bg7 19. Bd4 Ne5 20. fxe6 Bxe6 21. Be2 Nac6
22. Nf3 Nxd4 23. Nxd4 Nc4 24. Nxe6 fxe6 25. Bxc4 Qxc4 26. Qf7+ Kh8 27. Rf3 b5
28. axb5 axb5 29. Rfd3 Rf8 30. Qe7 b4 31. b3 Qc6 32. Ne2 Qxc2 33. R3d2 Qxb3 34.
Rxd6 Rbe8 35. Qb7 Qc2 36. Ng1 b3 37. Rd7 Rb8 38. Qa7 Ra8 39. Qb7 Rfb8 40. Ra1
Qa2 41. Rxa2 bxa2 {White resigns} 0-1

[Event "Team 45 45 League T49"]
[Site "Internet Chess Club"]
[Date "2011.06.16"]
[Round "6"]
[White "DTK"]
[Black "MaartenKoning"]
[Result "1/2-1/2"]
[WhiteElo "2210"]
[BlackElo "2240"]
[Opening "Sicilian defense"]
[ECO "B40"]
[Time "14:23:14"]
[TimeControl "2700+45"]

1. e4 c5 2. Nf3 e6 3. d3 Nc6 4. g3 g6 5. Bg5 Qc7 6. Bg2 Bg7 7. c3 Nge7 8. O-O d6
9. Re1 O-O 10. Na3 a6 11. Nc2 b5 12. Qd2 Bb7 13. Bh6 Ne5 14. Bxg7 Kxg7 15. Nxe5
dxe5 16. a4 Rad8 17. axb5 axb5 18. Qe3 Rd7 19. Red1 Rfd8 20. Rd2 Rd6 21. Na3 Qb6
22. Rad1 Nc8 23. f4 exf4 24. gxf4 f5 25. e5 R6d7 26. Nc2 Bxg2 27. Kxg2 Qc6+ 28.
Qf3 Ne7 29. d4 Nd5 30. Kg3 c4 31. Ra1 b4 32. Ne3 bxc3 33. bxc3 Ra8 34. Rxa8 Qxa8
35. Nxd5 exd5 36. Rb2 Qa3 37. Rb5 Qc1 38. Kh4 Qe1+ 39. Qg3 Qe2 40. Kh3 {Game
drawn by mutual agreement} 1/2-1/2

[Event "Team 45 45 League T49"]
[Site "Internet Chess Club"]
[Date "2011.06.22"]
[Round "6"]
[White "Seaborgium"]
[Black "kai"]
[Result "1-0"]
[WhiteElo "1980"]
[BlackElo "1866"]
[Opening "King's Indian: orthodox, Aronin-Taimanov, bayonet attack"]
[ECO "E97"]
[Time "03:00:11"]
[TimeControl "2700+45"]

1. c4 Nf6 2. Nc3 g6 3. e4 d6 4. d4 Bg7 5. Be2 O-O 6. Nf3 e5 7. O-O Nc6 8. d5 Ne7
9. b4 Ne8 10. Be3 f5 11. Ng5 h6 12. Ne6 Bxe6 13. dxe6 c6 14. Qb3 Nc7 15. Rad1
Rf6 16. Bc5 Ne8 17. Bxd6 Nxd6 18. c5 Nxe4 19. Rxd8+ Rxd8 20. Nxe4 fxe4 21. Rd1
Rff8 22. Bc4 Rd4 23. Re1 Rfd8 24. h3 Bf6 25. Qc2 Bg5 26. Bb3 Rd2 27. Qxe4 R8d4
28. Qxe5 Rf4 29. Re2 Rxe2 30. Qxe2 Rxb4 31. Qe5 a5 32. g3 a4 33. Bc2 a3 34. f4
Rb2 35. Bb3 {Black resigns} 1-0

[Event "Team 45 45 League T49"]
[Site "Internet Chess Club"]
[Date "2011.06.18"]
[Round "6"]
[White "FlyingTiger"]
[Black "Campagnolo"]
[Result "0-1"]
[WhiteElo "1822"]
[BlackElo "2060"]
[Opening "Caro-Kann: advance variation"]
[ECO "B12"]
[Time "21:00:40"]
[TimeControl "2700+45"]

1. e4 c6 2. d4 d5 3. e5 c5 4. dxc5 Nc6 5. Bb5 e6 6. Be3 Ne7 7. c3 Bd7 8. Bxc6
Nxc6 9. f4 g5 10. fxg5 Nxe5 11. Nf3 Nxf3+ 12. Qxf3 Bg7 13. O-O O-O 14. Nd2 Bb5
15. Rfe1 e5 16. Qf5 Rc8 17. Nf3 Bd7 18. Qc2 Bc6 19. Qf5 Qc7 20. Rad1 Rfe8 21. h4
Rcd8 22. h5 Bd7 23. Qc2 Bg4 24. h6 Bh8 25. Rd2 d4 26. cxd4 Bxf3 27. gxf3 exd4
28. Bf2 Qf4 29. Rxe8+ Rxe8 30. Re2 Qxg5+ 31. Kf1 Rxe2 32. Qxe2 Qxh6 33. b4 Qh1+
34. Bg1 Qh3+ 35. Ke1 Qe6 36. Qxe6 fxe6 37. Bh2 e5 38. Ke2 Kf7 39. Kd3 Ke6 40.
Ke4 h5 41. f4 exf4 42. Bxf4 h4 43. b5 Kd7 44. a4 h3 45. Bg3 Bf6 46. Bf4 Bg5 47.
Bg3 Be3 48. Bh2 Bf2 49. Kf3 Be3 50. Ke4 Bf2 51. Kf3 Bh4 52. Ke4 Bd8 53. Kxd4 Bc7
54. Bg1 h2 55. Bxh2 Bxh2 56. c6+ bxc6 57. bxc6+ Kxc6 58. Kc4 Bd6 {White resigns}
0-1

[Event "Team 45 45 League T49"]
[Site "Internet Chess Club"]
[Date "2011.06.20"]
[Round "6"]
[White "jorobo"]
[Black "jefferyx"]
[Result "1/2-1/2"]
[WhiteElo "1965"]
[BlackElo "2004"]
[Opening "QGD: Tartakower (Makagonov-Bondarevsky) system"]
[ECO "D58"]
[Time "11:33:55"]
[TimeControl "2700+45"]

1. c4 e6 2. Nc3 Nf6 3. Nf3 d5 4. d4 Be7 5. Bg5 h6 6. Bh4 O-O 7. e3 b6 8. Be2 Bb7
9. Bxf6 Bxf6 10. cxd5 exd5 11. O-O Nd7 12. b4 c5 13. b5 Qe7 14. Rc1 Rfd8 15. Re1
Rac8 16. Qa4 Rc7 17. Qa3 Rdc8 18. Nb1 c4 19. Qxe7 Bxe7 20. Rc2 Nf6 21. Rec1 Bd6
22. Nfd2 Re8 23. Nf1 Bc8 24. f3 Bf5 25. e4 dxe4 26. fxe4 Bxe4 27. Rxc4 Bxb1 28.
Rxc7 Bxc7 29. Kf2 Ne4+ 30. Kf3 Bxa2 31. Rxc7 Bd5 32. Ne3 Nc3+ 33. Nxd5 Nxd5 34.
Rxa7 Re3+ 35. Kf2 Re7 36. Rxe7 Nxe7 37. Kf3 Kf8 38. Ke4 Ke8 39. Ke5 Kd7 40. Bg4+
Kc7 41. Bh5 g6 42. Be2 Nf5 43. d5 Ne3 44. g3 Kd7 45. Ke4 Nc2 46. Kd3 Nb4+ 47.
Kc4 Nc2 48. Kd3 Nb4+ 49. Kc4 Nc2 50. Kd3 Nb4+ 51. Kc4 Nc2 52. Kd3 {Game drawn by
repetition} 1/2-1/2

[Event "Team 45 45 League T49"]
[Site "Internet Chess Club"]
[Date "2011.06.20"]
[Round "6"]
[White "Uwak"]
[Black "larso"]
[Result "1-0"]
[WhiteElo "2422"]
[BlackElo "2094"]
[Opening "Sicilian: Najdorf, 7.f4"]
[ECO "B96"]
[Time "09:00:24"]
[TimeControl "2700+45"]

1. e4 c5 2. Nf3 d6 3. d4 cxd4 4. Nxd4 Nf6 5. Nc3 a6 6. Bg5 e6 7. f4 Nbd7 8. Qf3
Qc7 9. O-O-O b5 10. a3 Rb8 11. g4 b4 12. axb4 Rxb4 13. Bxf6 Nxf6 14. f5 Qb6 15.
fxe6 Rxd4 16. Rxd4 Qxd4 17. e5 Nxg4 18. Qxf7+ Kd8 19. Nd5 Bxe6 20. Qxe6 Qxe5 21.
Qxg4 Qxd5 22. Bg2 Qe5 23. Bh3 Kc7 24. Qc8+ Kb6 25. Qb8+ Kc6 26. Qa8+ Kb6 27. Bc8
Be7 28. Qxa6+ Kc5 29. b4+ Kxb4 30. Qb6+ Kc4 31. Ba6+ Kd5 32. Qb3+ Kc6 33. Qb7+
Kc5 34. Qb5+ Kd4 35. Qc4+ Ke3 36. Re1+ Kf3 {Black resigns} 1-0

[Event "Team 45 45 League T49"]
[Site "Internet Chess Club"]
[Date "2011.06.22"]
[Round "6"]
[White "lacibacsi"]
[Black "searchforbobby1"]
[Result "1-0"]
[WhiteElo "2050"]
[BlackElo "2168"]
[Opening "Sicilian: closed"]
[ECO "B23"]
[Time "15:06:28"]
[TimeControl "2700+45"]

1. e4 c5 2. Nc3 a6 3. g3 b5 4. Bg2 Bb7 5. Nge2 e6 6. O-O Nf6 7. d3 d6 8. h3 Nbd7
9. Be3 Qc7 10. Qd2 b4 11. Nd1 Be7 12. c3 a5 13. Rc1 Qb8 14. f4 h5 15. Nf2 Bc6
16. d4 Qb7 17. f5 exf5 18. d5 Bb5 19. c4 Ba6 20. b3 Nxe4 21. Nxe4 fxe4 22. Bxe4
Ne5 23. Nf4 Qc7 24. Nd3 Nxd3 25. Qxd3 O-O-O 26. Rxf7 Rdf8 27. Rcf1 Rxf7 28. Rxf7
Rf8 29. Qf1 Qd8 30. Qf5+ Kb8 31. Rxf8 Qxf8 32. Qxf8+ Bxf8 33. Bg5 a4 34. Bg6 a3
35. Bd3 Bc8 36. Kg2 Kc7 37. Be2 Bf5 38. Bxh5 Bb1 39. Bd1 Kd7 40. Kf3 Be7 41. Kf4
Ke8 42. g4 Bxg5+ 43. Kxg5 Kf7 44. h4 Bd3 45. Kf4 g6 46. Ke3 Bb1 47. Kf4 Kg7 48.
Kg5 Bd3 49. h5 gxh5 50. gxh5 Kf7 51. h6 Bf1 52. Bh5+ Kg8 53. Bg6 Be2 54. Kf6 Bd1
55. Bb1 {Black resigns} 1-0

[Event "Team 45 45 League T49"]
[Site "Internet Chess Club"]
[Date "2011.06.20"]
[Round "6"]
[White "gaibo4ever"]
[Black "mers37"]
[Result "0-1"]
[WhiteElo "2090"]
[BlackElo "1962"]
[Opening "Owen defense"]
[ECO "B00"]
[Time "19:00:30"]
[TimeControl "2700+45"]

1. e4 b6 2. d4 Bb7 3. Bd3 e6 4. Nf3 Nf6 5. Qe2 d5 6. e5 Ne4 7. Nbd2 Nxd2 8. Bxd2
Be7 9. c3 c5 10. O-O O-O 11. Be3 Nd7 12. Qc2 g6 13. Qd2 Re8 14. Rfe1 c4 15. Bc2
b5 16. Bg5 Bxg5 17. Nxg5 Qe7 18. Qf4 Kg7 19. Re3 h6 20. Nh3 b4 21. Qg4 bxc3 22.
bxc3 Bc6 23. Nf4 Qg5 24. Qxg5 hxg5 25. Nh3 g4 26. Nf4 Rab8 27. Kf1 Rh8 28. Kg1
Rb2 29. Bd1 g5 30. Ne2 Rhb8 31. Rc1 Rxa2 32. Rg3 f5 33. exf6+ Nxf6 34. h3 Rbb2
35. Kf1 Ba4 36. Bxa4 Rxe2 37. f3 gxh3 38. gxh3 Kh6 39. Rb1 Nh5 40. Rg4 Nf4 41.
h4 Rf2+ 42. Kg1 Nh3+ 43. Kh1 Rh2# {White checkmated} 0-1